 Dungeon Crawl Stone Soup version 0.31-a0-459-gc8a9bf3d51 (webtiles) character file.

Game seed: 5378966282414539126

131 Ethylacetat the Insei (level 5, -3/29 HPs)
             Began as a Vine Stalker Monk on Aug 4, 2023.
             Slain by a lemure (4 damage)
             ... led by Pikel
             ... on level 4 of the Dungeon.
             The game lasted 00:02:53 (2357 turns).

Ethylacetat the Insei (Vine Stalker Monk)           Turns: 2357, Time: 00:02:54

Health: -3/29      AC:  6    Str: 14    XL:     5   Next: 14%
Magic:  0/9        EV: 10    Int: 10    God:
Gold:   152        SH:  0    Dex: 18    Spells: 8/8 levels left

rFire   . .          .
                       - Unarmed
rCold   . . .        c - orb {light}
rNeg    . . .        f - +0 scale mail
rPois   .            (no helmet)
rElec   .            (no cloak)
rCorr   .            (no gloves)
SInv    .            (no boots)
Will    .....        (no amulet) Stlth
                     (no ring)
HPRegen 1.04/turn    (no ring)
MPRegen 0.11/turn

%: guardian spirit
@: glowing
A: fangs 2, regeneration 1, magic shield, antimagic bite, no potion heal 2
a: no special abilities


You were on level 4 of the Dungeon.
You visited 1 branch of the dungeon, and saw 4 of its levels.

You collected 152 gold pieces.

Inventory:

Missiles
 s - a curare-tipped dart (quivered)
Armour
 c - an orb of light (worn)
 f - a +0 scale mail (worn)
Scrolls
 d - 4 scrolls of teleportation {unknown}
 g - 2 scrolls of identify {unknown}
 h - a scroll of torment {unknown}
 i - a scroll of summoning {unknown}
 k - a scroll of immolation {unknown}
 l - a scroll of revelation {unknown}
 q - 2 scrolls of fog {unknown}
Potions
 a - 3 potions of curing {unknown}
 b - a potion of ambrosia
 e - a potion of attraction {unknown}
 j - 2 potions of might {unknown}
 m - a potion of enlightenment {unknown}
 n - a potion of haste {unknown}
 o - 2 potions of heal wounds {unknown}
 p - a potion of magic {unknown}
 r - a potion of degeneration {unknown}
 t - a potion of cancellation {unknown}


   Skills:
 + Level 3.7 Fighting
 - Level 2.4 Dodging
 + Level 4.0 Unarmed Combat
 + Level 2.4 Spellcasting


You had 8 spell levels left.
You didn't know any spells.
Your spell library contained the following spells:

 Spells                   Type           Power      Damage    Failure   Level
 Apportation              Tloc           2%         N/A       80%         1
 Necrotise                Necr           4%         1d4       80%         1
 Sandblast                Erth           2%         2d4       80%         1
 Summon Small Mammal      Summ           4%         N/A       80%         1
 Passwall                 Tmut/Erth      0%         N/A       90%         2
 Scorch                   Fire           2%         2d5       90%         2
 Call Canine Familiar     Summ           1%         N/A       99%         3
 Gell's Gravitas          Tloc           1%         N/A       99%         3
 Portal Projectile        Hex/Tloc       2%         N/A       99%         3
 Stone Arrow              Conj/Erth      2%         3d7       99%         3
 Teleport Other           Tloc           1%         N/A       99%         3
 Flame Wave               Conj/Fire      1%         2d4       100%        4
 Leda's Liquefaction      Hex/Erth       0%         N/A       100%        4
 Dispersal                Tloc           0%         N/A       100%        6
 Summon Cactus Giant      Summ           0%         N/A       100%        6


Dungeon Overview and Level Annotations

Branches:
Dungeon (4/15)
 Temple: D:4-7

Altars:
Fedhas
Makhleb
Nemelex Xobeh
Xom

Annotations:
D:4 Pikel


Innate Abilities, Weirdness & Mutations

You have extremely sharp teeth.
Your natural rate of healing is unusually fast.
When hurt, damage is shared between your health and your magic reserves.
Your bite disrupts and absorbs the magic of your enemies.
Potions cannot restore your health.


Message History

* * * LOW HITPOINT WARNING * * *
Unknown command.
You hit Pikel. You bite Pikel, but do no damage.
Pikel is heavily wounded.
The lemure closely misses you.
The lemure hits you but does no damage. x2
Unknown command.
You barely miss Pikel. You bite Pikel, but do no damage.
Pikel is heavily wounded.
The lemure barely misses you. x3; The lemure closely misses you.
Pikel hits you with a +1 whip of freezing!
* * * LOW HITPOINT WARNING * * *
Pikel freezes you.
* * * LOW HITPOINT WARNING * * *
You hit Pikel. You bite Pikel. You drain his power.
You feel invigorated.
Pikel is severely wounded.
The lemure barely misses you. x2; The lemure hits you but does no damage.
The lemure hits you.
* * * LOW HITPOINT WARNING * * *
Unknown command.
You barely miss Pikel. Your bite misses Pikel.
Pikel is severely wounded.
The lemure barely misses you. The lemure closely misses you.
The lemure hits you but does no damage. Pikel barely misses you.
Unknown command.
You hit Pikel but do no damage. You bite Pikel, but do no damage.
Pikel is severely wounded.
The lemure is no longer moving slowly.
The lemure hits you.
* * * LOW HITPOINT WARNING * * *
The lemure barely misses you. The lemure hits you.
* * * LOW HITPOINT WARNING * * *
The lemure closely misses you.
You hit Pikel but do no damage. You bite Pikel, but do no damage.
Pikel is severely wounded.
Pikel says, "You'll feel the lick of my whip!"
Pikel hits you but does no damage. The lemure hits you.
* * * LOW HITPOINT WARNING * * *
The lemure hits you.
* * * LOW HITPOINT WARNING * * *
The lemure hits you.
You die...

#........#...# #........
#........##..####......)
##.......###...#..##<...
........................ ...
.........##......... ....
#.....# ##...P.P♣.
.....#.....# #....P♣♣PP
......55...####.....♣♣.P
....(KK@....#.#....PP..P
......55.#.........♣P.PP
..............<....P....
...............##..P♣♣..
...........##......(##..♣♣♣..
##.......#..##.......##..P..♣♣
#.....>..##.<#........#.......
#............................
#................##.........


You could see Pikel (poisoned, slow), 4 lemures and a kobold.

Vanquished Creatures
  A gnoll (D:3)
  4 adders
  A worm (D:2)
  2 dart slugs (D:2)
  2 orcs (D:4)
  9 ball pythons
  8 bats
  3 endoplasms
  A giant cockroach (D:4)
  8 goblins
  14 hobgoblins
  8 kobolds
  2 quokkas (D:3)
  3 frilled lizards
  7 rats
73 creatures vanquished.

Notes
Turn   | Place    | Note
-------+----------+-------------------------------------------
     0 | D:1      | Ethylacetat the Vine Stalker Monk began the quest for the
                  | Orb.
     0 | D:1      | Reached XP level 1. HP: 11/11 MP: 2/2
    82 | D:1      | Reached XP level 2. HP: 14/16 MP: 1/4
   169 | D:1      | Reached skill level 1 in Spellcasting
   288 | D:1      | Reached XP level 3. HP: 20/20 MP: 5/5
   929 | D:2      | Gained mutation: Your natural rate of healing is unusually
                  | fast. [Vine Stalker growth]
   929 | D:2      | Reached XP level 4. HP: 24/24 MP: 7/7
  1100 | D:2      | You fall into a shaft and drop 2 floors!
  1101 | D:4      | Found a shimmering altar of Xom.
  1700 | D:3      | Found a blossoming altar of Fedhas.
  1815 | D:3      | Found a sparkling altar of Nemelex Xobeh.
  2056 | D:3      | Reached XP level 5. HP: 28/28 MP: 9/9
  2088 | D:3      | Reached skill level 4 in Unarmed Combat
  2300 | D:4      | Found a burning altar of Makhleb.
  2341 | D:4      | Noticed Pikel
  2342 | D:4      | Noticed a lemure
  2342 | D:4      | Noticed a lemure
  2342 | D:4      | Noticed a lemure
  2343 | D:4      | Noticed a lemure
  2357 | D:4      | HP: 1/29 [lemure[Pikel] (1)]
  2357 | D:4      | Slain by a lemure

Illustrated notes

Levels and vault maps discovered:
D:1:      dpeg_arrival_three_same_balls, layout_basic, minivault_26
D:2:      layout_loops_ring
D:3:      layout_loops_ring, fedhas_ov_isle_minmay,
          mainiacjoe_overflow_24_doors, st_stairs_6
D:4:      layout_cave_pools, nicolae_kikubaaqudgha_miasma_corner,
          general_overflow_altar, mainiacjoe_overflow_cross_hatched,
          mainiacjoe_overflow_concentric_impassable, serial_park,
          serial_park_tiny_2, serial_park_square1 [serial_park_minivault_5x5_6],
          serial_park_square1 [serial_park_minivault_5x5_8], uniq_pikel

Skill      XL: |  1  2  3  4  5 |
---------------+----------------+-----
Fighting       | 3 |  3.7
Spellcasting   | 1 2 |  2.4
Unarmed Combat | 4 |  4.0
Dodging        | |  2.4

Action                     |  1- 3 |  4- 6 || total
---------------------------+-------+-------++-------
  Melee: Unarmed           |    74 |   103 ||   177
         Bite              |    24 |    34 ||    58
  Throw: Dart              |       |     2 ||     2
 Armour: Robe              |     5 |       ||     5
         Scale mail        |    22 |    39 ||    61
  Dodge: Dodged            |    33 |    60 ||    93

Table legend: (Time is in decaauts)
 A = Elapsed time spent in this place.
 B = Non-inter-level travel time spent in this place.
 C = Inter-level travel time spent in this place.
 D = Time resting spent in this place.
 E = Time spent auto-exploring this place.
 F = Levels seen in this place.
 G = Mean time per level.
                   A        B        C        D        E       F      G
               +--------+--------+--------+--------+--------+-----+--------+
         Total |   2345 |   2243 |    102 |      0 |   1803 |   4 |  586.2 |
       Dungeon |   2345 |   2243 |    102 |      0 |   1803 |   4 |  586.2 |
               +--------+--------+--------+--------+--------+-----+--------+

Top non-repeatable levels by time:
     D:2: 761 daAuts
     D:1: 728 daAuts
     D:3: 595 daAuts
     D:4: 260 daAuts
